 Dungeon Crawl Stone Soup version 0.31-a0-765-g67fe2935dc (webtiles) character file.

Game seed: 14423312256967374906

89 Joey1 the Shield-Bearer (level 4, 0/41 HPs)
             Began as a Minotaur Fighter on Sept 15, 2023.
             Slain by a gnoll
             ... wielding a +0 whip of venom
              (5 damage)
             ... on level 3 of the Dungeon.
             The game lasted 00:03:10 (1229 turns).

Joey1 the Shield-Bearer (Minotaur Fighter)          Turns: 1229, Time: 00:03:11

Health: 0/41       AC: 10    Str: 22    XL:     4   Next: 31%
Magic:  3/3        EV:  8    Int:  5    God:
Gold:   70         SH:  4    Dex: 10    Spells: 3/3 levels left

rFire   . . .        a - +0 war axe
rCold   . . .        c - +0 buckler
rNeg    . . .        e - +0 chain mail
rPois   .            (helmet restricted)
rElec   .            l - +0 cloak
rCorr   .            (no gloves)
SInv    .            (no boots)
Will    .....        (no amulet) Stlth
                     (no ring)
HPRegen 0.26/turn    (no ring)
MPRegen 0.08/turn

%: no passive effects
@: mighty, lethally poisoned (0 -> -25)
A: horns 2, retaliatory headbutt
a: no special abilities


You were on level 3 of the Dungeon.
You visited 1 branch of the dungeon, and saw 3 of its levels.

You collected 70 gold pieces.

Inventory:

Hand Weapons
 a - a +0 war axe (weapon)
Missiles
 k - 2 javelins
Armour
 b - a +0 scale mail
 c - a +0 buckler (worn)
 e - a +0 chain mail (worn)
 l - a +0 cloak (worn)
Scrolls
 f - 4 scrolls of identify {unknown}
 j - a scroll of noise {unknown}
 o - a scroll of teleportation {unknown}
 p - a scroll of immolation {unknown}
Potions
 d - a potion of might
 g - a potion of degeneration {unknown}
 h - 2 potions of lignification {unknown}
 i - a potion of haste {unknown}
 m - a potion of mutation {unknown}
 n - a potion of cancellation {unknown}


   Skills:
 + Level 4.4 Fighting
 + Level 3.4 Axes
 - Level 3.6 Armour
 + Level 2.0 Dodging
 + Level 4.4 Shields


You had 3 spell levels left.
You didn't know any spells.
Your spell library contained the following spells:

 Spells                   Type           Power      Damage    Failure   Level
 Summon Small Mammal      Summ           0%         N/A       99%         1
 Call Canine Familiar     Summ           0%         N/A       100%        3
 Summon Guardian Golem    Hex/Summ       0%         N/A       100%        3
 Volatile Blastmotes      Fire/Tloc      0%         2d10      100%        3
 Fulminant Prism          Conj/Hex       0%         3d5       100%        4
 Iskenderun's Mystic Bla  Conj/Tloc      0%         2d3       100%        4


Dungeon Overview and Level Annotations

Branches:
Dungeon (3/15)

Altars:
Elyvilon


Innate Abilities, Weirdness & Mutations

You have a pair of horns on your head.
You reflexively headbutt those who attack you in melee.


Message History

You slash Robin!
Robin is heavily wounded.
You closely miss the adder. The adder barely misses you.
You furiously retaliate!
You headbutt the adder. Robin hits you with a +0 dagger. The adder bites you.
You are poisoned.
The adder poisons you!
You hit Robin.
Robin is severely wounded.
You barely miss the adder.
You feel sick. Robin hits you but does no damage. The adder barely misses you.
The gnoll hits you with a +0 whip of venom.
You are more poisoned.
Robin barely misses you. The adder closely misses you.
Unknown command.
You slash Robin!
You kill Robin!
You closely miss the gnoll. You miss the adder.
You feel very sick. The adder closely misses you.
The gnoll hits you but does no damage.
You are more poisoned.
Your Dodging skill increases to level 2!
You closely miss the adder.
The adder is lightly wounded.
You hit the gnoll.
You feel very sick. The adder barely misses you.
The gnoll hits you with a +0 whip of venom!
You are lethally poisoned!
The adder barely misses you. The gnoll completely misses you.
You furiously retaliate!
You headbutt the gnoll.
You feel very mighty all of a sudden.
* * * LOW HITPOINT WARNING * * *
You feel very sick. The adder bites you.
* * * LOW HITPOINT WARNING * * *
You are more poisoned.
The adder poisons you! The adder bites you but does no damage.
The gnoll hits you with a +0 whip of venom.
You die...

..................####
...####.#####.........
.....................
#######.##.####....
#.##.#####.#
#.##..)....#
#.##.####).# ..##.#
#.)# ..##.# #.@# ..
..# #gS)...... ...
...........
#..########.#### ...
.# #


You could see a gnoll and an adder.

Vanquished Creatures
  Robin (D:3)
  2 adders
  2 dart slugs
  An endoplasm (D:1)
  11 goblins
  4 hobgoblins
  8 jackals
  2 quokkas (D:1)
  4 ball pythons
  5 bats
  2 frilled lizards (D:1)
  5 kobolds
  3 rats (D:1)
50 creatures vanquished.

Notes
Turn   | Place    | Note
-------+----------+-------------------------------------------
     0 | D:1      | Joey1 the Minotaur Fighter began the quest for the Orb.
     0 | D:1      | Reached XP level 1. HP: 19/19 MP: 0/0
   108 | D:1      | Reached XP level 2. HP: 20/27 MP: 1/1
   122 | D:1      | Reached skill level 1 in Dodging
   347 | D:1      | Reached XP level 3. HP: 33/33 MP: 2/2
   467 | D:1      | Found a white marble altar of Elyvilon.
  1022 | D:2      | Found a faded altar of an unknown god.
  1216 | D:3      | Noticed Robin
  1218 | D:3      | Reached XP level 4. HP: 37/41 MP: 3/3
  1227 | D:3      | Killed Robin
  1229 | D:3      | Slain by a gnoll

Illustrated notes

Levels and vault maps discovered:
D:1:      dpeg_arrival_water_altar, layout_rooms
D:2:      layout_rooms, shapermc_ecumenical_altar_acropolis,
          kennysheep_generic_room_12
D:3:      layout_basic, uniq_robin

Skill      XL: |  1  2  3  4 |
---------------+-------------+-----
Dodging        | 1 2 |  2.0
Shields        | 4 |  4.4
Fighting       | 4 |  4.4
Axes           | 3 |  3.4
Armour         | |  3.6

Action                     |  1- 3 |  4- 6 || total
---------------------------+-------+-------++-------
  Melee: War axe           |    87 |    10 ||    97
         Headbutt          |    11 |       ||    11
    Use: Potion            |       |     1 ||     1
 Armour: Chain mail        |    74 |    15 ||    89
  Dodge: Dodged            |    32 |    11 ||    43
  Block: Buckler           |    17 |     4 ||    21

Table legend: (Time is in decaauts)
 A = Elapsed time spent in this place.
 B = Non-inter-level travel time spent in this place.
 C = Inter-level travel time spent in this place.
 D = Time resting spent in this place.
 E = Time spent auto-exploring this place.
 F = Levels seen in this place.
 G = Mean time per level.
                   A        B        C        D        E       F      G
               +--------+--------+--------+--------+--------+-----+--------+
         Total |   1268 |   1210 |     58 |      0 |    914 |   3 |  422.7 |
       Dungeon |   1268 |   1210 |     58 |      0 |    914 |   3 |  422.7 |
               +--------+--------+--------+--------+--------+-----+--------+

Top non-repeatable levels by time:
     D:2: 548 daAuts
     D:1: 525 daAuts
     D:3: 194 daAuts
